 Dungeon Sprint DCSS version 0.22.1-1-ga44c0e56f4 (webtiles) character file.

4436 MuseOD the Unseen (level 10, -15/51 HPs)
             Began as a Spriggan Enchanter on Sept 23, 2018.
             Was a Priest of Dithmenos.
             Shot with an arrow by a centaur warrior (20 damage)
             ... in the Dungeon (Sprint II: "The Violet Keep of Menkaure").
             The game lasted 00:03:49 (611 turns).

MuseOD the Unseen (Spriggan Enchanter)               Turns: 611, Time: 00:03:49

Health: -15/51     AC:  0    Str:  4    XL:     10   Next: 14%
Magic:  18/28      EV: 20    Int: 19    God:    Dithmenos [***...]
Gold:   974        SH:  0    Dex: 18    Spells: 26/35 levels left

rFire    . . .     SeeInvis +   (weapon currently unavailable)
rCold    . . .     Gourm    .   (shield currently unavailable)
rNeg     . . .     Faith    .   (armour currently unavailable)
rPois    .         Spirit   .   (helmet currently unavailable)
rElec    .         Reflect  .   (cloak currently unavailable)
rCorr    .         Harm     .   (gloves unavailable)
MR       +....     NoTele   +   (boots unavailable)
Stlth    +++++++++.             (no amulet)
HPRegen  0.17/turn              (ring currently unavailable)
MPRegen  0.21/turn              (ring currently unavailable)

@: pig-form, wreathed by umbra, very quick
A: small, unfitting armour, see invisible, herbivore, slow metabolism 2
a: Shadow Step, Renounce Religion


You were in the Dungeon.
You worshipped Dithmenos.
Dithmenos was most pleased with you.
You were not hungry.
You were a filthy swine.
You visited 1 branch You collected 1082 gold pieces.
You spent 108 gold pieces at shops.

Inventory:

Hand Weapons
 a - a +1 dagger (melded)
Armour
 b - a +0 robe
 c - the cursed +1 robe of Conscience (melded) {rC+ rCorr}
   (You bought it in a shop in the Dungeon)

   It protects you from cold.
   It provides partial protection from all sources of acid and corrosion.
   It has a curse placed upon it.
Scrolls
 e - a scroll of immolation {unknown}
 j - a scroll of blinking
Potions
 h - 2 potions of magic
Comestibles
 d - a ration


   Skills:
 - Level 5.4 Fighting
 + Level 11.4 Short Blades
 + Level 7.4 Dodging
 + Level 18.6 Stealth
 + Level 13.1 Spellcasting
 + Level 13.2 Hexes


You had 26 spell levels left.
You knew the following spells:

 Your Spells              Type           Power        Failure   Level  Hunger
a - Corona                Hex            ######.      1%          1    None
b - Ensorcelled Hibernat  Hex/Ice        #####.       1%          2    None
c - Confuse               Hex            ######..     1%          3    None
d - Dazzling Spray        Conj/Hex       #####.       1%          3    None

Your spell library contained the following spells:

 Spells                   Type           Power        Failure   Level  Hunger
 Tukima's Dance           Hex            ######..     1%          3    None


Dungeon Overview and Level Annotations

Branches:
Dungeon (1/1)

Altars:
Cheibriados
Dithmenos
Elyvilon
Fedhas
Gozag
Hepliaklqana
Kikubaaqudgha
Makhleb
Nemelex Xobeh
Okawaru
Qazlal
Ru
Sif Muna
Trog
Uskayaw
Vehumet
Wu Jian
Xom
Yredelemnul
Zin
The Shining One
Beogh
Jiyva
Lugonu

Shops:
D (?:}%[!?!*:[(==}

Annotations:
D exclusion: oklob plant, Kirke


Innate Abilities, Weirdness & Mutations

You are very small and have problems with some larger weapons.
You are too small for most types of armour.
You have supernaturally acute eyesight. (SInv)
You are a herbivore.
((You cover ground extremely quickly.))
You need to consume almost no food.


Message History

a spear; a merfolk skeleton You close the door.
A yaktaur captain opens the door.
You open the door.
The yaktaur captain wields an arbalest.
The yaktaur captain shoots a bolt.
The bolt misses you.
There is an open door here.
The centaur warrior shouts!
As you close the door, it creaks loudly!
The centaur warrior shoots an arrow.
The arrow hits you!
The centaur warrior shoots an arrow.
The arrow hits you!
* * * LOW HITPOINT WARNING * * *
You hear a shout!
You see here an arrow.
There is an open door here.
You close the door.
A centaur warrior opens the door.
Okay, then.
The centaur warrior shoots an arrow.
The arrow misses you.
You see here an arrow.
The centaur warrior shoots an arrow.
The arrow hits you!!
You die...

####≈c#+++#+++#####..^.#!##
###≈zY@........#.†'.^..#k.#
.∩#≈≈≈≈.##+##..#.†####.#.k#
∩.#≈c≈≈##..(##.####..'.##.#
.∩#≈≈≈≈#..#..#....#.†#..k####
∩.#≈≈####.#.####..#####..##.# $[
..#z##.###'###c##..#..'..#..#▓%%!
..#≈#...##.##.#.#..#.[#..#..#▓?=)
..'c'.#.+(<(c##.h..####..##)#▓$[?
..#≈#.).##.###..#....###...##▓▓▓▓
###≈##.###+# #.##...§..≈≈≈≈≈≈≈≈≈≈
###≈≈### ###≈≈...§.≈#'#######
##≈≈≈ #≈≈≈§§≈≈..≈#.._._._. +#≈
#≈≈≈§≈≈≈≈.≈#._._._.. ≈≈
#≈≈≈≈§§≈≈≈≈§#_._._._. ≈≈
≈≈≈≈≈≈≈≈§≈≈§#._._._._
++#≈≈§§≈≈≈§§#.._._._.


You could see a centaur warrior.

Vanquished Creatures
  A fire dragon (D)
  An iron elemental (D)
  A merfolk siren (D)
  A kobold demonologist (D)
  A yaktaur (D)
  3 polar bears (D)
  A hornet (D)
  3 hippogriffs (D)
  4 neqoxecs (D)
  Menkaure (D)
  A swamp drake (D)
  4 necrophages (D)
22 creatures vanquished.

Vanquished Creatures (others)
  A swamp drake (D)
  A crocodile (D)
2 creatures vanquished.

Grand Total: 24 creatures vanquished

Notes
Turn   | Place    | Note
-------+----------+-------------------------------------------
     0 | D        | MuseOD the Spriggan Enchanter began the quest for the Orb.
     0 | D        | Reached XP level 1. HP: 9/9 MP: 5/5
     1 | D        | Noticed a neqoxec
     4 | D        | Noticed a necrophage
     4 | D        | Noticed a necrophage
     4 | D        | Noticed a necrophage
     4 | D        | Noticed a necrophage
    10 | D        | Killed a necrophage
    10 | D        | Reached skill level 7 in Stealth
    10 | D        | Reached XP level 2. HP: 15/16 MP: 6/6
    10 | D        | Reached XP level 3. HP: 19/20 MP: 8/8
    10 | D        | Reached XP level 4. HP: 22/24 MP: 9/9
    16 | D        | Killed a necrophage
    16 | D        | Reached skill level 9 in Stealth
    16 | D        | Reached XP level 5. HP: 14/27 MP: 10/10
    23 | D        | Killed a necrophage
    23 | D        | Reached skill level 10 in Stealth
    47 | D        | HP: 1/30 [necrophage (6)]
    49 | D        | Killed a necrophage
    49 | D        | Reached skill level 5 in Fighting
    49 | D        | Reached skill level 10 in Short Blades
    49 | D        | Reached skill level 11 in Stealth
    49 | D        | Reached XP level 6. HP: 14/35 MP: 11/11
    53 | D        | Learned a level 2 spell: Ensorcelled Hibernation
    57 | D        | Learned a level 3 spell: Confuse
    85 | D        | Learned a level 3 spell: Dazzling Spray
    85 | D        | Noticed an obsidian statue
    87 | D        | Noticed Menkaure
    88 | D        | Found Naxt's Jewellery Shoppe.
    88 | D        | Found Zacwuba's Gadget Emporium.
    89 | D        | Killed Menkaure
    89 | D        | Reached skill level 12 in Stealth
    89 | D        | Reached skill level 5 in Hexes
    90 | D        | Found Ublelano's Antique Weapon Shoppe.
    90 | D        | Found Tibiwegroatt's Jewellery Emporium.
    91 | D        | Found Ziddo's Book Shoppe.
    91 | D        | Found Xupuakhau's Antique Armour Emporium.
    92 | D        | Found Anus's Distillery.
    92 | D        | Found Fuva's Assorted Antiques.
    93 | D        | Found Aklonei's Magic Scroll Shoppe.
    94 | D        | Found Tiowiz's Distillery.
    94 | D        | Found Haenaaf's Antique Armour Emporium.
    94 | D        | Noticed a polar bear
    97 | D        | Found Xaqiu's Food Emporium.
    97 | D        | Found Muhyjou's Gadget Shoppe.
    97 | D        | Noticed a polar bear
    97 | D        | Noticed an oklob plant
    98 | D        | Found Nyvam's Magic Scroll Shoppe.
    98 | D        | Found Qagoesurei's Weapon Emporium.
    98 | D        | Found Coybruv's Book Shoppe.
    99 | D        | Noticed a great orb of eyes
   111 | D        | Noticed a wyvern
   112 | D        | Noticed a wyvern
   118 | D        | Bought a transparent robe for 108 gold pieces
   128 | D        | Identified the cursed +1 robe of Conscience {rC+ rCorr}
                  | (You bought it in a shop in the Dungeon)
   141 | D        | Noticed a merfolk siren
   144 | D        | Killed a merfolk siren
   144 | D        | Reached skill level 13 in Stealth
   144 | D        | Reached XP level 7. HP: 24/39 MP: 15/19
   156 | D        | Killed a neqoxec
   156 | D        | Reached skill level 14 in Stealth
   157 | D        | Noticed a neqoxec
   158 | D        | Killed a neqoxec
   158 | D        | Reached XP level 8. HP: 28/44 MP: 16/21
   168 | D        | Reached skill level 15 in Stealth
   173 | D        | Found a roughly hewn altar of Beogh.
   174 | D        | Found a hazy altar of Hepliaklqana.
   174 | D        | Found a snail-covered altar of Cheibriados.
   175 | D        | Found a stormy altar of Qazlal.
   175 | D        | Found a viscous altar of Jiyva.
   175 | D        | Found a shadowy altar of Dithmenos.
   176 | D        | Found a sacrificial altar of Ru.
   176 | D        | Found an ancient bone altar of Kikubaaqudgha.
   176 | D        | Found a white marble altar of Elyvilon.
   177 | D        | Found an ornate altar of the Wu Jian Council.
   177 | D        | Found a deep blue altar of Sif Muna.
   177 | D        | Found a corrupted altar of Lugonu.
   178 | D        | Found a shimmering altar of Xom.
   178 | D        | Found a bloodstained altar of Trog.
   178 | D        | Found a burning altar of Makhleb.
   179 | D        | Found a glowing golden altar of the Shining One.
   179 | D        | Found a basalt altar of Yredelemnul.
   179 | D        | Found a hide-covered altar of Uskayaw.
   181 | D        | Found a glowing silver altar of Zin.
   181 | D        | Found a radiant altar of Vehumet.
   181 | D        | Found a blossoming altar of Fedhas.
   181 | D        | Found a sparkling altar of Nemelex Xobeh.
   182 | D        | Found an opulent altar of Gozag.
   182 | D        | Found an iron altar of Okawaru.
   189 | D        | Became a worshipper of Dithmenos the Shadowed
   199 | D        | Noticed an iron elemental
   202 | D        | Killed an iron elemental
   202 | D        | Reached skill level 16 in Stealth
   202 | D        | Reached skill level 10 in Spellcasting
   211 | D        | Noticed a fire dragon
   212 | D        | Killed a fire dragon
   212 | D        | Reached skill level 17 in Stealth
   212 | D        | Reached XP level 9. HP: 19/47 MP: 17/26
   222 | D        | Noticed a deep elf master archer
   227 | D        | Reached * piety under Dithmenos
   323 | D        | Noticed a death drake
   327 | D        | Noticed a yaktaur
   327 | D        | Noticed a polar bear
   328 | D        | Noticed a polar bear
   334 | D        | Killed a polar bear
   334 | D        | Reached ** piety under Dithmenos
   334 | D        | Reached skill level 5 in Dodging
   334 | D        | Reached skill level 18 in Stealth
   335 | D        | Noticed a polar bear
   337 | D        | Killed a polar bear
   341 | D        | Killed a polar bear
   348 | D        | Killed a yaktaur
   348 | D        | Reached XP level 10. HP: 39/51 MP: 10/27
   354 | D        | Reached *** piety under Dithmenos
   443 | D        | Noticed a death drake
   443 | D        | Noticed a crystal guardian
   555 | D        | Noticed Kirke
   555 | D        | Noticed a yaktaur captain
   556 | D        | Noticed a centaur warrior
   558 | D        | Noticed a skeletal warrior
   562 | D        | Noticed an elephant
   611 | D        | Shot with an arrow by a centaur warrior

Skill      XL: |  1  2  3  4  5  6  7  8  9 10 |
---------------+-------------------------------+-----
Fighting       | 3 4 5 |  5.4
Short Blades   | 6 8 10 11 | 11.4
Stealth        | 7 9 11 13 14 17 18 | 18.6
Spellcasting   | 7 8 12 13 | 13.1
Hexes          | 7 8 12 13 | 13.2
Dodging        | 6 7 |  7.4

Action                   |  1- 3 |  4- 6 |  7- 9 | 10-12 || total
-------------------------+-------+-------+-------+-------++-------
Melee: Dagger            |     5 |    36 |    24 |    14 ||    79
 Cast: Confuse           |       |       |     7 |     8 ||    15
       Dazzling Spray    |       |       |     1 |     2 ||     3
  Use: Potion            |     1 |     3 |       |       ||     4
 Stab: Sleeping          |       |     2 |     7 |     1 ||    10
       Confused          |       |       |     6 |     1 ||     7
       Invisible         |       |       |     1 |       ||     1
Armor: Robe              |       |     1 |     1 |       ||     2
Dodge: Dodged            |     2 |    14 |    17 |     7 ||    40
